 Dungeon Crawl Stone Soup version 0.32-a0-747-gc8563f6773 (webtiles) character file.

Game seed: 5756205836829336050

3853 cforsyth the Cleaver (level 9, -1/181 HPs)
             Began as a Mountain Dwarf Cinder Acolyte on Mar 18, 2024.
             Was a High Priest of Ignis.
             Slain by a raiju (2 damage)
             ... on level 1 of the Abyss.
             The game lasted 00:10:24 (8147 turns).

cforsyth the Cleaver (MDCA)                         Turns: 8147, Time: 00:10:24

Health: -1/181     AC: 24    Str: 18 (21) XL:     9   Next: 99%
Magic:  26/26      EV:  2    Int: 14 (15) God:    Ignis [*****.]
Gold:   274        SH:  0    Dex:  3 (5)  Spells: 16/18 levels left

rFire   + + .        G - +2 hand axe (flame)
rCold   + . .        (no shield)
rNeg    . . .        r - melded +0 chain mail
rPois   +            l - melded +0 helmet
rElec   +            (cloak currently unavailable)
rCorr   +            (gloves currently unavailable)
SInv    .            v - melded +0 pair of boots
Will    +....        g - amulet of magic regeneration Stlth
                     M - ring of magical power
HPRegen 0.50/turn    (no ring)
MPRegen 0.60/turn

%: no passive effects
@: mighty, berserking, tree-form, resistant, enlightened, hasted, studying Axes,
very quick
A: stationary, stasis, torment immunity, boosted hp, runic magic, artefact
enchanting
a: Renounce Religion, Fiery Armour, Foxfire Swarm, Rising Flame


You were on level 1 of the Abyss.
You worshipped Ignis.
Ignis was extremely pleased with you.
You were a tree.
You visited 1 branch of the dungeon, and saw 8 of its levels.
You visited the Abyss 1 time.

You collected 274 gold pieces.


Innate Abilities, Weirdness & Mutations

You are a tree.
Your roots penetrate the ground, keeping you stationary.
You cannot be teleported.
You are immune to unholy pain and torment.
Your maximum health is greatly increased.
Your equipment is partially melded.
Your spellcasting is much less encumbered by armour.
You can use scrolls of enchantment on lesser artefacts.


   Skills:
 + Level 7.8 Fighting
 + Level 9.2 Axes
 + Level 6.8 Armour
 + Level 5.4 Spellcasting
 + Level 8.6 Fire Magic


You had 16 spell levels left.
You knew the following spells:

 Your Spells              Type           Power      Damage    Failure   Level
X - Scorch                Fire           54%        2d7       1%          2

Your spell library contained the following spells:

 Spells                   Type           Power      Damage    Failure   Level


Inventory:

Hand Weapons
 y - a +0 war axe
 G - a +2 hand axe of flaming (weapon)
Missiles
 o - a throwing net {=f}
Armour
 l - a +0 helmet (melded)
 r - a +0 chain mail (melded)
 v - a +0 pair of boots (melded)
 E - a +1 helmet
Jewellery
 c - a ring of protection from cold
 g - an amulet of magic regeneration (around neck)
 B - an amulet of regeneration
 C - a ring of ice
 F - a ring of fire
 M - a ring of magical power (left branch)
Wands
 z - a wand of flame (27)
Scrolls
 e - a scroll of revelation {unknown}
 h - a scroll of enchant armour {unknown}
 i - 4 scrolls of identify {@r1}
 k - a scroll of noise {unknown}
 m - 4 scrolls of enchant weapon {unknown}
 n - a scroll of poison {unknown}
 p - 2 scrolls of brand weapon {unknown}
 u - a scroll of amnesia {unknown}
 x - a scroll of blinking {unknown}
 I - a scroll of fear {unknown}
 J - a scroll of fog {unknown}
Potions
 a - a potion of heal wounds {unknown}
 d - 4 potions of curing {@q1}
 f - a potion of might
 j - a potion of degeneration
 q - a potion of resistance
 A - a potion of haste {@q3}
 D - a potion of mutation {unknown}
 H - a potion of brilliance {unknown}

Dungeon Overview and Level Annotations

Branches:
Dungeon (8/15)             Temple (0/1) D:4
   Lair: D:8-11

Altars:
Ashenzari
Makhleb
Nemelex Xobeh
Qazlal
Ru
Sif Muna
The Shining One

Shops:
D:5 :   D:6 *

Annotations:
D:8 Psyche

#.. .#
.#..###.## #
........#.▓ #
.......#.▒ #.#
####...▒...#
#.#....#..5h..
##. .##...4hh#
. ... ... ▒♣#
# ..#...h#
.░#..#....#
#.▒.##.#▒####
▒.. #..▒ #▒
▒▒..... .#..▒
. .▒..▒##.#▒ #
...▒.## #.
....##..#


You could see an orange demon, 4 raiju and an ufetubus.


Message History

It was a potion of lignification.
You turn into a tree.
Your +0 helmet melds into your body.
Your +0 pair of boots melds into your body.
Your +0 chain mail melds into your body.
Your roots penetrate the ground.
You feel strangely stable.
An ufetubus comes into view.
The orange demon stings you but does no damage.
The raiju bites you but does no damage. x3
Unknown command.
It was a potion of enlightenment.
Your roots keep you in place.
The raiju bites you but does no damage. The raiju bites you.
* * * LOW HITPOINT WARNING * * *
The raiju shocks you. You resist.
* * * LOW HITPOINT WARNING * * *
The raiju bites you but does no damage. The orange demon stings you from afar.
* * * LOW HITPOINT WARNING * * *
Unknown command.
It was a potion of berserk rage.
A red film seems to cover your vision as you go berserk!
You feel yourself moving faster!
You feel mighty!
Unknown command.
Unknown command.
You barely miss the raiju. You hit the raiju. You burn the raiju.
You closely miss the raiju.
The raiju is no longer more vulnerable to fire.
The orange demon stings you from afar.
* * * LOW HITPOINT WARNING * * *
The raiju bites you but does no damage. The raiju bites you.
You die...
Ignis goes out, and joins you in death.

Skill      XL: |  1  2  3  4  5  6  7  8  9 |
---------------+----------------------------+-----
Armour         | 1 2 3 4 5 6 |  6.8
Fire Magic     | 4 5 6 7 8 |  8.6
Axes           | 4 5 6 7 9 |  9.2
Fighting       | 4 5 6 7 |  7.8
Spellcasting   | 2 3 4 5 |  5.4

Action                     |  1- 3 |  4- 6 |  7- 9 || total
---------------------------+-------+-------+-------++-------
  Melee: Hand axe          |    52 |     3 |     2 ||    57
   Cast: Scorch            |    40 |    86 |   170 ||   296
  Evoke: Wand              |       |       |     1 ||     1
    Use: Scroll            |       |     2 |     4 ||     6
         Potion            |       |       |     8 ||     8
 Armour: Robe              |    54 |     2 |       ||    56
         Chain mail        |       |    42 |   105 ||   147
         Skin              |       |       |    11 ||    11
  Dodge: Dodged            |    52 |    17 |    42 ||   111

Levels and vault maps discovered:
D:1:      lightli_arrival_maybe_door_vault, layout_basic,
          dilly_ecumenical_altar_fadedgnrine
D:2:      layout_basic, basic_altar, chequers_hall_statues_corner_a,
          minivault_25
D:3:      minmay_recursive_quarters, layout_rooms
D:4:      layout_basic, mainiacjoe_overflow_small_starburst,
          makhleb_blood_cavern_becter, minmay_temple_entry_mist, moated_statue,
          minmay_increasing_density
D:5:      layout_loops_ring, lemuel_round_altar, lemuel_tele_altar,
          marbit_many_paths, nicolae_shop_i_like_big_books, nrook_mini_vaults
D:6:      layout_loops_ring, lemuel_blue_sif_altar, serial_shops, shop
D:7:      layout_loops_corners, minmay_misc_feat_pillars,
          kennysheep_cluttered_room, minmay_manual_moon
D:8:      layout_basic, mainiacjoe_overflow_concentric_impassable,
          jmf_multi_god_temple, uniq_prince_ribbit1, uniq_psyche
Abyss:1:  base: D:2, minivault_27, lemuel_flamethrower_2

Notes
Turn   | Place    | Note
-------+----------+-------------------------------------------
     0 | D:1      | cforsyth the Mountain Dwarf Cinder Acolyte began the quest
                  | for the Orb.
     0 | D:1      | Reached XP level 1. HP: 19/19 MP: 2/2
   483 | D:1      | Reached XP level 2. HP: 26/26 MP: 3/3
   572 | D:1      | Learned a level 2 spell: Scorch
   659 | D:1      | Reached skill level 1 in Armour
   912 | D:1      | Found a faded altar of an unknown god.
  1229 | D:2      | Reached XP level 3. HP: 31/31 MP: 5/5
  1233 | D:2      | Reached skill level 4 in Fire Magic
  1295 | D:2      | Reached skill level 4 in Axes
  1477 | D:2      | Reached XP level 4. HP: 36/40 MP: 3/6
  1549 | D:2      | Found a stormy altar of Qazlal.
  2104 | D:3      | Reached skill level 4 in Fighting
  2312 | D:4      | Found a broken altar of Ashenzari.
  2330 | D:4      | Found a staircase to the Ecumenical Temple.
  2429 | D:4      | Reached skill level 2 in Armour
  2429 | D:4      | Reached skill level 2 in Spellcasting
  2429 | D:4      | Reached XP level 5. HP: 46/46 MP: 6/8
  2624 | D:4      | Found a burning altar of Makhleb.
  2785 | D:4      | Noticed a black bear
  2786 | D:4      | Noticed an ogre
  2811 | D:4      | Killed a black bear
  2812 | D:4      | Reached skill level 5 in Fire Magic
  2812 | D:4      | Reached XP level 6. HP: 40/53 MP: 6/9
  2904 | D:4      | Reached skill level 5 in Axes
  2904 | D:4      | Reached skill level 3 in Armour
  3352 | D:5      | Entered Level 5 of the Dungeon
  3371 | D:5      | Reached skill level 5 in Fighting
  3371 | D:5      | Reached XP level 7. HP: 61/61 MP: 11/11
  3520 | D:5      | Found Lipessy's Tremendous Tomes.
  3583 | D:5      | Reached skill level 3 in Spellcasting
  3729 | D:5      | Reached skill level 4 in Armour
  3729 | D:5      | Reached skill level 6 in Fire Magic
  3769 | D:5      | Found a sparkling altar of Nemelex Xobeh.
  3785 | D:5      | Identified the +2 flail of the Immovable Wars {freeze,
                  | rElec rF+ Will+ Dex-4}
  3879 | D:5      | Found a sacrificial altar of Ru.
  4093 | D:5      | Reached skill level 6 in Axes
  4192 | D:5      | Found a glowing golden altar of the Shining One.
  4225 | D:5      | Reached XP level 8. HP: 62/69 MP: 13/13
  4511 | D:6      | Reached skill level 6 in Fighting
  4686 | D:6      | Found Roesivio's General Store.
  4837 | D:6      | Found a shimmering blue altar of Sif Muna.
  4901 | D:6      | Reached skill level 5 in Armour
  4901 | D:6      | Reached skill level 4 in Spellcasting
  5123 | D:7      | Reached skill level 7 in Fire Magic
  5130 | D:7      | Reached skill level 7 in Axes
  5295 | D:7      | Noticed a troll
  5455 | D:6      | Reached XP level 9. HP: 21/78 MP: 13/15
  6034 | D:7      | Killed a troll
  6035 | D:7      | Reached skill level 7 in Fighting
  6035 | D:7      | Reached skill level 6 in Armour
  6281 | D:7      | Noticed a cyclops
  6287 | D:7      | Killed a cyclops
  6288 | D:7      | Reached skill level 8 in Axes
  6288 | D:7      | Reached skill level 8 in Fire Magic
  6478 | D:7      | Reached skill level 5 in Spellcasting
  7593 | D:8      | Noticed Psyche
  7595 | D:8      | You are cast into the Abyss!
  7595 | Abyss:1  | Cast into level 1 of the Abyss (Psyche)
  7636 | Abyss:1  | Noticed a tormentor
  7666 | Abyss:1  | Noticed an efreet
  7700 | Abyss:1  | Noticed an ancient zyme
  7702 | Abyss:1  | Noticed an ice devil
  7713 | Abyss:1  | Noticed a starcursed mass
  7946 | Abyss:1  | Noticed a smoke demon
  7971 | Abyss:1  | Noticed a starcursed mass
  7977 | Abyss:1  | Noticed a large abomination
  8118 | Abyss:1  | Noticed a mana viper
  8125 | Abyss:1  | Killed a mana viper
  8125 | Abyss:1  | Noticed an orange demon
  8126 | Abyss:1  | Reached skill level 9 in Axes
  8139 | Abyss:1  | HP: 6/81 [raiju/living lightning (6)]
  8142 | Abyss:1  | Identified 2 potions of resistance
  8145 | Abyss:1  | HP: 8/121 [raiju (2)]
  8147 | Abyss:1  | HP: 1/181 [orange demon (6)]
  8147 | Abyss:1  | Slain by a raiju

Vanquished Creatures
  A mana viper (Abyss:1)
  A cyclops (D:7)
  A troll (D:7)
  2 small abominations (Abyss:1)
  A wraith (D:6)
  A steam dragon (D:7)
  2 water moccasins (D:7)
  An orc warrior (D:6)
  A black bear (D:4)
  3 ice beasts
  3 ogres
  2 centaurs
  2 phantoms
  2 bullfrogs (D:7)
  2 scorpions (D:7)
  An electric eel (D:7)
  2 bombardier beetles (D:4)
  3 orc priests
  A jelly (D:7)
  A hound (D:4)
  A gnoll bouda (D:7)
  7 iguanas
  3 sleepcaps
  2 orc wizards
  5 adders
  2 shadow imps
  A white imp (D:7)
  3 dart slugs
  24 orcs
  7 ball pythons
  6 bats
  13 endoplasms
  2 giant cockroaches
  3 goblins
  4 hobgoblins
  8 jackals
  6 kobolds
  4 quokkas
  8 frilled lizards
  7 rats
149 creatures vanquished.

Vanquished Creatures (others)
  An orc priest (D:7)
  An ufetubus (Abyss:1)
  An orc (D:7)
3 creatures vanquished.

Grand Total: 152 creatures vanquished

Table legend: (Time is in decaauts)
 A = Elapsed time spent in this place.
 B = Non-inter-level travel time spent in this place.
 C = Inter-level travel time spent in this place.
 D = Time resting spent in this place.
 E = Time spent auto-exploring this place.
 F = Levels seen in this place.
 G = Mean time per level.
                   A        B        C        D        E       F      G
               +--------+--------+--------+--------+--------+-----+--------+
         Total |   8164 |   7949 |    215 |    718 |   6128 |   9 |  907.1 |
       Dungeon |   7612 |   7397 |    215 |    642 |   5807 |   8 |  951.5 |
         Abyss |    552 |    552 |      0 |     76 |    321 |   1 |  552.0 |
               +--------+--------+--------+--------+--------+-----+--------+

Top non-repeatable levels by time:
     D:7: 2150 daAuts
     D:4: 1340 daAuts
     D:1: 1134 daAuts
     D:6: 980 daAuts
     D:5: 822 daAuts
     D:2: 601 daAuts
 Abyss:1: 552 daAuts
     D:3: 531 daAuts
     D:8: 50 daAuts

Table legend:
 A = Non-vault XP
 B = Vault XP
 C = Vault XP percentage of total XP
 D = Non-vault monster count
 E = Vault monster count
 F = Vault count percentage of total count
                 A         B        C        D         E       F
            +---------+---------+-------+---------+---------+-------
      Total |    4112 |    1393 |  25.3 |     130 |      19 |  12.8
            +---------+---------+-------+---------+---------+-------
        D:1 |      34 |       0 |   0.0 |      21 |       0 |   0.0
        D:2 |      74 |       0 |   0.0 |      28 |       0 |   0.0
        D:3 |      30 |      21 |  41.2 |      10 |       6 |  37.5
        D:4 |     309 |     260 |  45.7 |      18 |       7 |  28.0
        D:5 |     714 |      37 |   4.9 |      16 |       1 |   5.9
        D:6 |     749 |     133 |  15.1 |      17 |       1 |   5.6
        D:7 |    1133 |     942 |  45.4 |      17 |       4 |  19.0
    Abyss:1 |    1069 |       0 |   0.0 |       3 |       0 |   0.0
            +---------+---------+-------+---------+---------+-------
